 Dungeon Crawl Stone Soup version 0.15.1-3-g1b33baa (webtiles) character file.

343 Johnny the Chiller (level 6, -4/50 HPs)
             Began as a Demigod Ice Elementalist on Oct 10, 2014.
             Slain by Duvessa
             ... wielding a +3 short sword of draining
              (6 damage)
             ... on Level 5 of the Dungeon.
             The game lasted 00:07:36 (3385 turns).

Johnny the Chiller (Demigod Ice Elementalist)       Turns: 3385, Time: 00:07:37

HP  -4/50        AC  8     Str 12      XL: 6   Next:  9%
MP   9/15        EV  9     Int 24      God:
Gold 210         SH  0     Dex 18      Spells:  2 memorised,  5 levels left

rFire  . . .     SeeInvis .     t - +2 dagger (venom)
rCold  . . .     Clarity  .     x - +0 ring mail
rNeg   . . .     rCorr    .     (no shield)
rPois  .         rRot     .     (no helmet)
rElec  .         Spirit   .     f - +0 cloak
SustAb .         Warding  .     j - +0 pair of gloves
rMut   .         Stasis   .     k - +0 pair of boots
Gourm  .                        (no amulet)
MR     .....                    (no ring)
                                n - +3 ring of intelligence

@: heavily drained, not resistant to hostile enchantments, very unstealthy
A: no striking features
a: no special abilities


You were on level 5 of the Dungeon.
You were not hungry.

You visited 1 branch of the dungeon, and saw 5 of its levels.

You collected 210 gold pieces.

Inventory:

Hand weapons
 g - a +0 mace of holy wrath
 i - a +1 dagger of speed
 t - a +2 dagger of venom (weapon)
 y - a +1 dagger of holy wrath
Armour
 f - a +0 cloak (worn)
 j - a +0 pair of gloves (worn)
 k - a +0 pair of boots (worn)
 x - a +0 ring mail (worn)
Comestibles
 c - 4 bread rations
 m - 2 slices of pizza
 s - a meat ration
 v - a chunk of orc flesh
 z - a fruit
 A - 2 chunks of orc flesh
Scrolls
 d - a scroll of recharging
 e - a scroll of remove curse
 h - 2 scrolls of fog
 l - 2 scrolls of enchant weapon {unknown}
 q - a scroll of enchant armour {unknown}
Jewellery
 a - a -2 ring of intelligence
 n - a +3 ring of intelligence (left hand)
Potions
 o - a potion of restore abilities {unknown}
 p - a potion of magic {unknown}
 r - a potion of curing
 u - a potion of might {unknown}
 w - a potion of brilliance {unknown}
Books
 b - a book of Frost

   Spells                             Type                      Level
   *Freeze                            Ice                          1
   Throw Frost                        Conjuration/Ice              2
   Ozocubu's Armour                   Charms/Ice                   3
   Throw Icicle                       Conjuration/Ice              4
   *Summon Ice Beast                  Ice/Summoning                4
   Condensation Shield                Ice                          4
Rods
 B - a -2 rod of destruction (11/11)
   (You found it on level 5 of the Dungeon)


   Skills:
 * Level 2.5(0.1) Fighting
 + Level 1.5(0.0) Armour
 + Level 2.4(0.0) Dodging
 + Level 2.5(0.1) Stealth
 * Level 2.9(0.4) Spellcasting
   Level 0.8(0.0) Conjurations
 * Level 1.4(0.0) Summonings
 * Level 3.6(1.1) Ice Magic


You had 5 spell levels left.
You knew the following spells:

 Your Spells              Type           Power        Failure   Level  Hunger
a - Freeze                Ice            #...         14%         1    ##.....
b - Summon Ice Beast      Ice/Summ       #.......     99%         4    #####..


Dungeon Overview and Level Annotations

Branches:
Dungeon (5/15)             Temple (0/1) D:4

Shops:
D:5 }

Annotations:
D:5 Duvessa


Message History

Press: ? - help, Shift-Dir - straight line, f/p - Duvessa
Aim: Duvessa, wielding a short sword of draining and wearing a glowing scale mail (heavily wounded, berserk, fast, unusually strong)
You freeze Duvessa.
Duvessa resists.
Duvessa is heavily wounded.
Duvessa hits you with a short sword of draining.
* * * LOW HITPOINT WARNING * * *
You feel drained.
* * * LOW HITPOINT WARNING * * *
Unknown command.
Casting: Freeze
Confirm with . or Enter, or press ? or * to list all spells.
Aiming: Freeze
Press: ? - help, Shift-Dir - straight line, f/p - Duvessa
Aim: Duvessa, wielding a short sword of draining and wearing a glowing scale mail (heavily wounded, berserk, fast, unusually strong)
You freeze Duvessa.
Duvessa resists.
Duvessa is heavily wounded.
Duvessa hits you with a short sword of draining!
* * * LOW HITPOINT WARNING * * *
You feel drained.
You die...

#.# #.####.### #.# #.#.#
#.##. .. #.# #.#.####.##.
....####.### #.#.#....##.
...........# #.#.#....##.
...........# #.#.#....##.
###........# #.#.#....##.
#.......e######.#.........
##..##...@....#.###....###
##.##........#)# ####.# #
#..#........#)# #.#
#.#........#.######.###
####.....................#
+.............#.######.#.#
#####...#####.#.#......#.#
#...##..#.#.#.##.#.#.#
##..##....#.#.##...#.#


You could see Duvessa (berserk).

Vanquished Creatures
  The ghost of Johnny the Chiller, a weakling DgIE (D:3)
  2 hounds (D:4)
  An orc wizard (D:5)
  3 worker ants
  3 adders
  A gnoll (D:1)
  2 worms
  2 oozes
  15 orcs
  A ball python (D:3)
  5 goblins
  6 hobgoblins
  10 kobolds
  2 quokkas
  13 bats
  2 giant cockroaches
  2 goblin skeletons (D:4)
  A kobold skeleton (D:4)
  An orc skeleton (D:4)
  9 rats
  A rat skeleton (D:4)
83 creatures vanquished.

Vanquished Creatures (others)
  Dowan (D:5)
  An adder (D:5)
  A hobgoblin skeleton (D:5)
3 creatures vanquished.

Grand Total: 86 creatures vanquished

Notes
Turn   | Place    | Note
--------------------------------------------------------------
     0 | D:1      | Johnny, the Demigod Ice Elementalist, began the quest for the Orb.
     0 | D:1      | Reached XP level 1. HP: 14/14 MP: 3/3
   641 | D:1      | Reached XP level 2. HP: 16/22 MP: 4/4
   796 | D:1      | Reached skill level 1 in Fighting
  1217 | D:2      | Reached skill level 3 in Ice Magic
  1217 | D:2      | Reached XP level 3. HP: 25/28 MP: 4/8
  1451 | D:2      | Found a blossoming altar of Fedhas.
  1467 | D:2      | Found an iron altar of Okawaru.
  1468 | D:2      | Found a shattered altar of Ashenzari.
  1872 | D:3      | Noticed Johnny's ghost (weakling DgIE)
  1909 | D:3      | Killed Johnny's ghost
  1909 | D:3      | Reached skill level 1 in Armour
  1909 | D:3      | Reached XP level 4. HP: 14/36 MP: 2/10
  2225 | D:3      | Learned a level 4 spell: Summon Ice Beast
  2470 | D:4      | Reached XP level 5. HP: 34/41 MP: 12/12
  2507 | D:4      | Found a staircase to the Ecumenical Temple.
  2576 | D:4      | Reached skill level 1 in Summonings
  3049 | D:5      | Entered Level 5 of the Dungeon
  3049 | D:5      | Noticed Duvessa
  3049 | D:5      | Noticed Dowan
  3161 | D:5      | Killed Dowan
  3191 | D:5      | Reached XP level 6. HP: 36/50 MP: 13/15
  3288 | D:5      | Found Oschaidd's Gadget Boutique.
  3385 | D:5      | HP: 2/50 [Duvessa/short sword of draining (13)]
  3385 | D:5      | Slain by Duvessa

Action                   |  1- 3 |  4- 6 || total
-------------------------+-------+-------++-------
Melee: Short sword       |    23 |       ||    23
       Dagger            |    87 |   142 ||   229
       Unarmed           |     2 |       ||     2
 Cast: Freeze            |    25 |    17 ||    42
  Use: Scroll            |       |     8 ||     8
       Potion            |       |     1 ||     1
 Stab: Sleeping          |     3 |     4 ||     7
  Eat: Chunk             |     3 |     4 ||     7
       Fruit             |       |     1 ||     1
